 Dungeon Crawl Stone Soup version 0.17-a0-622-g12d63cc (webtiles) character file.

516 Psiweapon the Bolt Thrower (level 7, -7/44 HPs)
             Began as a Kobold Hunter on Apr 16, 2015.
             Mangled by a troll (17 damage)
             ... on level 6 of the Dungeon.
             The game lasted 00:11:21 (2856 turns).

Psiweapon the Bolt Thrower (Kobold Hunter)          Turns: 2856, Time: 00:11:21

Health: -7/44      AC:  5    Str: 16    XL:     7   Next: 44%
Magic:  7/7        EV: 17    Int: 10    God:
Gold:   217        SH:  0    Dex: 17    Spells: 0 memorised, 6 levels left

rFire  . . .     SeeInvis .     a - +4 rapier
rCold  . . .     Clarity  .     d - +0 leather armour (curse)
rNeg   . . .     SustAb   .     (shield restricted)
rPois  .         Gourm    .     z - +0 helmet
rElec  .         Spirit   .     k - +0 cloak
rCorr  .         Warding  .     (no gloves)
rMut   .         Stasis   .     (no boots)
MR     .....                    (no amulet)
Stlth  +++.......               (no ring)
                                (no ring)

@: mighty, not resistant to hostile enchantments, fairly stealthy
A: carnivore 3
a: no special abilities


You were on level 6 of the Dungeon.
You were completely stuffed.

You visited 1 branch of the dungeon, and saw 6 of its levels.

You collected 217 gold pieces.

Inventory:

Hand weapons
 a - a +4 rapier (weapon)
 b - a +1 hand crossbow
 g - a +0 hand axe
 m - a +0 short sword
 p - a +0 dagger of speed
 D - a +6 dagger of speed
Missiles
 c - 21 bolts
Armour
 d - a cursed +0 leather armour (worn)
 k - a +0 cloak (worn)
 z - a +0 helmet (worn)
 E - a +0 robe
Scrolls
 e - a scroll of fear {unknown}
 i - a scroll of random uselessness {unknown}
 j - 4 scrolls of remove curse
 l - a scroll of teleportation {unknown}
 o - a scroll of amnesia {unknown}
 u - 5 scrolls of identify {unknown}
 v - 2 scrolls of enchant armour {unknown}
 w - a scroll of recharging {unknown}
 y - a scroll of noise {unknown}
 A - a scroll of blinking {unknown}
 B - a scroll of fog {unknown}
Potions
 h - 4 potions of curing {unknown}
 q - a potion of might
 r - a potion of restore abilities {unknown}
 s - a potion of flight {unknown}
 t - a potion of haste {unknown}
 C - a potion of brilliance {unknown}
 F - a potion of poison {unknown}
 H - 2 potions of lignification {unknown}
 I - a potion of resistance {unknown}
Books
 G - a book of Enchantments

   Spells                             Type                      Level
   a - Cause Fear                     Hexes                        4
   b - Silence                        Hexes/Air                    5
   c - Deflect Missiles               Charms/Air                   6
   d - Haste                          Charms                       6
   e - Discord                        Hexes                        8
Comestibles
 f - 2 meat rations
 n - 2 beef jerkies
 x - a slice of pizza


   Skills:
 + Level 4.5 Fighting
 + Level 6.6 Crossbows
 + Level 4.8 Dodging
 + Level 5.1 Stealth


You had 6 spell levels left.
You didn't know any spells.

Dungeon Overview and Level Annotations

Branches:
Dungeon (6/15)
 Temple: D:4-7

Altars:
Ashenzari
Fedhas

Annotations:
D:4 Edmund, Sigmund


Innate Abilities, Weirdness & Mutations

You are small and have problems with some larger weapons.
You are carnivorous and can eat meat at any time.


Message History

The troll is lightly wounded.
The troll misses you. The troll barely misses you. The troll claws you!
You hit the troll.
The troll is lightly wounded.
The troll closely misses you. The troll misses you.
The troll completely misses you.
You barely miss the troll.
The troll is lightly wounded.
The troll barely misses you. The troll claws you. The troll misses you.
The troll closely misses you. The troll claws you.
* * * LOW HITPOINT WARNING * * *
The troll barely misses you.
Drink which item? (? for menu, Esc to quit)
You feel very mighty all of a sudden. The troll completely misses you.
The troll barely misses you. The troll claws you but does no damage.
You hit the troll.
The troll is lightly wounded.
The troll bites you!
You die...

+...♣†...+ .
#≈≈....≈≈#
##≈≈..≈≈##
##≈..≈##
##''## #...#
##.####
#....#
####@# #T#
#.# #.# #)#
#...((()((..
#........##(
#........#
#.....(..#


You could see a troll.

Vanquished Creatures
  Menkaure (D:6)
  A necrophage (D:3)
  A black bear (D:3)
  An orc wizard (D:6)
  A giant frog skeleton (D:6)
  An iguana (D:5)
  Robin (D:2)
  4 adders
  2 worms (D:2)
  A giant gecko (D:5)
  3 orcs
  A giant cockroach (D:1)
  16 goblins
  12 hobgoblins
  4 jackals (D:2)
  6 kobolds
  2 quokkas
  12 bats
  2 giant newts
  10 rats
82 creatures vanquished.

Notes
Turn   | Place    | Note
--------------------------------------------------------------
     0 | D:1      | Psiweapon, the Kobold Hunter, began the quest for the Orb.
     0 | D:1      | Reached XP level 1. HP: 12/12 MP: 1/1
   165 | D:1      | Reached XP level 2. HP: 17/17 MP: 2/2
   572 | D:1      | Reached skill level 5 in Crossbows
   777 | D:2      | Reached XP level 3. HP: 22/22 MP: 3/3
   805 | D:2      | Noticed Robin
   807 | D:2      | Killed Robin
  1105 | D:2      | Reached XP level 4. HP: 27/27 MP: 4/4
  1600 | D:3      | Noticed a black bear
  1752 | D:3      | Killed a black bear
  1752 | D:3      | Reached XP level 5. HP: 32/32 MP: 5/5
  1790 | D:3      | Noticed a necrophage
  1794 | D:3      | Killed a necrophage
  1794 | D:3      | Reached XP level 6. HP: 36/38 MP: 6/6
  1837 | D:3      | Reached skill level 6 in Crossbows
  2013 | D:2      | Found a blossoming altar of Fedhas.
  2457 | D:4      | Noticed Edmund
  2458 | D:4      | Noticed Sigmund
  2469 | D:5      | Entered Level 5 of the Dungeon
  2690 | D:5      | Found a shattered altar of Ashenzari.
  2762 | D:5      | You fall through a shaft!
  2829 | D:6      | Noticed Menkaure
  2832 | D:6      | Noticed a troll
  2834 | D:6      | Killed Menkaure
  2834 | D:6      | Reached skill level 5 in Stealth
  2834 | D:6      | Reached XP level 7. HP: 42/44 MP: 7/7
  2856 | D:6      | Mangled by a troll

Action                   |  1- 3 |  4- 6 |  7- 9 || total
-------------------------+-------+-------+-------++-------
Melee: Short sword       |    22 |    16 |       ||    38
       Rapier            |       |       |     9 ||     9
 Fire: Hand crossbow     |    57 |   104 |     7 ||   168
  Use: Scroll            |       |     1 |       ||     1
       Potion            |       |       |     1 ||     1
 Stab: Sleeping          |     1 |       |       ||     1
  Eat: Chunk             |     8 |     6 |       ||    14
